 Dungeon Crawl Stone Soup version 0.24.0-123-gd5b16e6ec5 (webtiles) character file.

Game seed: 18371745062071637191, levelgen mode: deterministic

7834 FishyPogo the Fighter (level 11, -4/91 HPs)
             Began as a Demonspawn Chaos Knight on Jan 25, 2020.
             Was a Plaything of Xom.
             Slain by a sixfirhy (12 damage)
             ... on level 3 of the Abyss.
             The game lasted 00:39:51 (9657 turns).

FishyPogo the Fighter (Demonspawn Chaos Knight)     Turns: 9657, Time: 00:39:53

Health: -4/91      AC: 17    Str: 19      XL:     11   Next: 2%
Magic:  0/13       EV:  6    Int: 14      God:    Xom [....*.]
Gold:   575        SH:  8    Dex: 14 (16) Spells: 10/10 levels left

rFire    . . .     SeeInvis .   a - +2 dagger (elec)
rCold    . . .     Gourm    .   A - +2 buckler
rNeg     . . .     Faith    .   P - +0 plate armour (curse)
rPois    .         Spirit   +   (helmet restricted)
rElec    .         Reflect  .   N - +0 cloak
rCorr    .         Harm     .   (no gloves)
MR       ++...                  (no boots)
Stlth    ..........             (no amulet)
HPRegen  0.65/turn              h - ring of protection from magic
MPRegen  0.13/turn              y - +3 ring of strength

@: about to teleport, hasted, studying Slings, very quick
A: claws 1, hooves 2, horns 1, rugged brown scales 1, agile 2, foul stench 1,
magic resistance 1, mutation resistance 1, regeneration 1, screaming 1, shaggy
fur 1, magic shield, rot immunity
a: Renounce Religion


You were on level 3 of the Abyss.
You worshipped Xom.
You were a beloved toy of Xom.
You were hungry.

You visited 1 branch of the dungeon, and saw 10 of its levels.
You visited the Abyss 1 time.
You also visited: Sewer.

You collected 623 gold pieces.
You spent 48 gold pieces at shops.

Inventory:

Hand Weapons
 a - a +2 dagger of electrocution (weapon)
 b - a +3 hunting sling of velocity
 p - a +0 scimitar of slicing
Missiles
 i - 7 boomerangs
 j - 281 stones
 o - 37 poisoned darts
 H - 2 throwing nets
 V - 94 sling bullets
 Y - 3 curare-tipped darts (quivered)
Armour
 t - a +2 scale mail of fire resistance
 A - a +2 buckler (worn)
 N - a +0 cloak (worn)
 P - a cursed +0 plate armour (worn)
 S - a +0 leather armour of poison resistance
 W - the +0 large shield of the Dwarven Hall {rElec rF+ Regen+ Str+4}
   (You found it on level 5 of the Dungeon)

   It affects your strength (+4).
   It protects you from fire.
   It insulates you from electricity.
   It increases your rate of regeneration.
Jewellery
 h - a ring of protection from magic (left claw)
 y - a +3 ring of strength (right claw)
 L - an uncursed ring of protection from fire
Wands
 l - a wand of enslavement (6)
 w - a wand of random effects (15)
 x - a wand of disintegration (9)
 G - a wand of polymorph (11)
 K - a wand of clouds (4)
 M - a wand of scattershot (8)
Scrolls
 d - a scroll of enchant armour {unknown}
 e - 3 scrolls of identify
 f - 5 scrolls of remove curse
 g - 2 scrolls of teleportation
 k - 3 scrolls of enchant weapon
 q - a scroll of silence
 D - a scroll of blinking {unknown}
 E - 2 scrolls of magic mapping {unknown}
 I - a scroll of fog
 R - a scroll of noise {unknown}
 T - 3 scrolls of amnesia
 X - a scroll of random uselessness {unknown}
Potions
 m - 4 potions of might {unknown}
 n - 4 potions of lignification
 r - 2 potions of cancellation {unknown}
 s - 3 potions of flight
 v - a potion of resistance {unknown}
 z - a potion of magic {unknown}
 B - 3 potions of mutation
 F - a potion of brilliance {unknown}
 O - 2 potions of curing
 Q - a potion of ambrosia {unknown}
Books
 U - a manual of Slings
Comestibles
 c - 20 rations


   Skills:
 - Level 9.0 Fighting
 - Level 5.0 Short Blades
 * Level 7.0 Slings
 + Level 8.0 Armour
 - Level 1.0 Dodging
 * Level 8.4 Shields
 - Level 3.0 Evocations


You had 10 spell levels left.
You didn't know any spells.
Your spell library contained the following spells:

 Spells                   Type           Power        Failure   Level  Hunger
 Flame Tongue             Conj/Fire      #....        100%        1    ##.....
 Freeze                   Ice            #...         100%        1    ##.....
 Throw Frost              Conj/Ice       #.....       100%        2    ###....
 Ozocubu's Armour         Chrm/Ice       #.......     100%        3    ####...
 Cause Fear               Hex            #.........   100%        4    #####..
 Summon Ice Beast         Ice/Summ       #.......     100%        4    #####..
 Throw Icicle             Conj/Ice       #.......     100%        4    #####..
 Bolt of Fire             Conj/Fire      #.........   100%        6    #######
 Dragon Form              Tmut           #.........   100%        7    #######
 Dragon's Call            Summ           #.........   100%        9    #######


Dungeon Overview and Level Annotations

Branches:
Dungeon (10/15)            Temple (0/1) D:7            Lair (0/6) D:8
  Sewer (visited)
    Orc: D:9-12

Altars:
Cheibriados
Elyvilon
Gozag
Okawaru
Sif Muna
Trog
Uskayaw
Wu Jian
Xom

Shops:
D:8 !

Annotations:
D:4 3 runed translucent doors, dragonscale333's ghost, amateur GnSu


Innate Abilities, Weirdness & Mutations

You have hoof-like feet.
You are partially covered in rugged brown scales. (AC +1, +3% HP)
You may emit foul miasma when damaged in melee.
When hurt, damage is shared between your health and your magic reserves.
You are immune to rotting.
You have sharp fingernails.
You have a pair of small horns on your head.
You are very agile. (Dex +4)
You are resistant to hostile enchantments. (MR+)
You are somewhat resistant to further mutation.
Your natural rate of healing is unusually fast.
You occasionally shout uncontrollably at your foes.
You are covered in fur. (AC +1)


Message History

The thrashing horror barely misses you. The thrashing horror tramples you.
* * * LOW HITPOINT WARNING * * *
You hold your ground!
The thrashing horror roars!
Okay, then.
As you read the scroll of fear, it crumbles to dust.
You assume a fearsome visage.
The smoke demon is unaffected.
The thrashing horror is unaffected.
The earth elemental is unaffected.
The thrashing horror tramples you but does no damage.
You block the thrashing horror's attack.
You block the sixfirhy's attack.
As you read the scroll of teleportation, it crumbles to dust.
You feel strangely unstable.
You feel the power of the Abyss delaying your translocation!
The thrashing horror roars!
The sixfirhy closely misses you. The sixfirhy hits you.
* * * LOW HITPOINT WARNING * * *
The sixfirhy shocks you!
You die...
Xom cackles wildly!

#.....# ### ...... .. .
..... ... # #####..##..#
. ##..##..##..## ##
#............. . #
#_............. ..
##.3##X3##..## .## # #
.##@.##..## .# .
#....*#...........G.. #
#.#'###..........E3.ยง.#
#.. #.##..##..## 3# #
#.#X #.##..##..##..# .
##4 #._............. .#
#$ .3......_...##
#.##..##. ##. ## #.##
##..##. #


You could see a thrashing horror, an earth elemental, a sixfirhy and a smoke
demon.

Vanquished Creatures
  A two-headed ogre (D:9)
  A mana viper (Abyss:3)
  A centaur zombie (D:10)
  Joseph (D:8)
  A troll (D:9)
  A blink frog (shapeshifter) (D:1)
  A human (D:8)
  2 wargs (D:8)
  3 swamp worms (D:8)
  5 ice beasts
  3 sky beasts
  2 orc warriors
  2 black bears (D:6)
  A necrophage (D:9)
  A centaur (D:7)
  2 ogres
  A big kobold (D:9)
  Blork the orc (D:5)
  4 bullfrogs
  A water moccasin zombie (D:10)
  A small abomination (Abyss:3)
  A scorpion (D:4)
  4 killer bees (D:9)
  8 wights
  3 howler monkeys (D:9)
  A crimson imp (D:10)
  2 bullfrog zombies
  2 quasits
  6 hounds
  2 jellies (D:9)
  A bullfrog skeleton (D:5)
  A centaur skeleton (D:6)
  10 orc priests
  9 orc wizards
  Terence (D:3)
  5 iguanas
  Natasha (thrice) (D:3)
  3 worker ants
  Robin (D:2)
  10 adders
  4 gnolls (D:5)
  8 river rats
  A shadow imp (D:10)
  An ooze (D:1)
  3 worms (D:3)
  3 dart slugs
  5 leopard geckos
  42 orcs
  7 ball pythons
  8 bats
  6 giant cockroaches
  17 goblins
  9 hobgoblins
  5 jackals
  4 quokkas
  10 frilled lizards
  A jackal zombie (D:8)
  16 kobolds
  A leopard gecko zombie (D:6)
  A quokka zombie (D:6)
  15 rats
276 creatures vanquished.

Vanquished Creatures (collateral kills)
  A two-headed ogre (D:9)
  A sky beast (D:9)
  A phantom (D:9)
  2 wights (D:9)
  A worker ant (D:9)
6 creatures vanquished.

Vanquished Creatures (others)
  A smoke demon (Abyss:3)
  2 plants (D:8)
3 creatures vanquished.

Grand Total: 285 creatures vanquished

Notes
Turn   | Place    | Note
-------+----------+-------------------------------------------
     0 | D:1      | FishyPogo the Demonspawn Chaos Knight began the quest for
                  | the Orb.
     0 | D:1      | Reached XP level 1. HP: 18/18 MP: 1/1
    12 | D:1      | XOM: butterfly on damage
    23 | D:1      | Reached skill level 1 in Dodging
   195 | D:1      | XOM: divination: detect items
   206 | D:1      | Gained mutation: When hurt, damage is shared between your
                  | health and your magic reserves. [demonic ancestry]
   206 | D:1      | Reached XP level 2. HP: 23/24 MP: 2/2
   219 | D:1      | XOM: harmless Ice miscast
   624 | D:1      | Noticed a shapeshifter
   624 | D:1      | a bat changed into a shapeshifter
   624 | D:1      | Noticed a blink frog
   624 | D:1      | a shapeshifter changed into a blink frog
   626 | D:1      | XOM: smoke on damage
   630 | D:1      | XOM: potion effect (haste)
   635 | D:1      | XOM: divination: magic mapping
   636 | D:1      | Killed a blink frog
   636 | D:1      | Reached skill level 4 in Fighting
   636 | D:1      | Gained mutation: You have large cloven feet. [demonic
                  | ancestry]
   636 | D:1      | Reached XP level 3. HP: 19/31 MP: 1/3
   636 | D:1      | Reached XP level 4. HP: 24/38 MP: 1/4
   636 | D:1      | Gained mutation: You are partially covered in rugged brown
                  | scales. (AC +1, +3% HP) [demonic ancestry]
   636 | D:1      | Reached XP level 5. HP: 24/44 MP: 1/5
   677 | D:1      | XOM: give mutations
   677 | D:1      | Gained mutation: You are clumsy. (Dex -2) [Xom's mischief]
   677 | D:1      | Gained mutation: You occasionally shout uncontrollably at
                  | your foes. [Xom's mischief]
   677 | D:1      | Gained mutation: Your flesh is heat resistant. (rF+) [Xom's
                  | mischief]
   723 | D:1      | XOM: give mutations
   723 | D:1      | Gained mutation: You evolve. [Xom's grace]
   723 | D:1      | Gained mutation: You are covered in fur. (AC +1) [Xom's
                  | grace]
   723 | D:1      | Lost mutation: You are clumsy. (Dex -2) [Xom's grace]
   963 | D:2      | XOM: harmless Necr miscast
  1475 | D:2      | Found a faded altar of an unknown god.
  1527 | D:2      | Noticed Robin
  1529 | D:2      | Reached XP level 6. HP: 47/51 MP: 6/6
  1536 | D:2      | Killed Robin
  1590 | D:2      | Gained mutation: You are agile. (Dex +2) [evolution]
  1608 | D:2      | XOM: give mutations
  1608 | D:2      | Lost mutation: You evolve. [Xom's grace]
  1608 | D:2      | Gained mutation: You are somewhat resistant to further
                  | mutation. [Xom's grace]
  1608 | D:2      | Gained mutation: You have a pair of small horns on your
                  | head. [Xom's grace]
  1608 | D:2      | Gained mutation: Your natural rate of healing is unusually
                  | fast. [Xom's grace]
  1608 | D:2      | Gained mutation: You are very agile. (Dex +4) [Xom's grace]
  1612 | D:2      | Found an ornate altar of the Wu Jian Council.
  1678 | D:2      | Reached skill level 5 in Fighting
  1940 | D:3      | Noticed Natasha
  1948 | D:3      | Killed Natasha
  2190 | D:3      | Noticed Natasha
  2200 | D:3      | Noticed Terence
  2205 | D:3      | Killed Natasha
  2219 | D:3      | Killed Terence
  2219 | D:3      | Gained mutation: You are immune to rotting. [demonic
                  | ancestry]
  2219 | D:3      | Reached XP level 7. HP: 57/57 MP: 7/7
  2344 | D:3      | Noticed Natasha
  2351 | D:3      | Killed Natasha
  2527 | D:3      | XOM: god gift: glowing buckler {god gift}
  2678 | D:4      | XOM: scenery: create altars
  2693 | D:4      | Found a runed translucent gate.
  2693 | D:4      | Found a runed translucent gate.
  2693 | D:4      | Found an opulent altar of Gozag.
  2693 | D:4      | Found a runed translucent gate.
  2694 | D:4      | Noticed dragonscale333's ghost (amateur GnSu)
  2721 | D:4      | XOM: 1-stop teleportation journey
  2734 | D:4      | Found a hide-covered altar of Uskayaw.
  2766 | D:4      | XOM: summons 2 friendly demons
  2796 | D:4      | XOM: summons 7 friendly demons
  2818 | D:4      | You fall into a shaft and drop 3 floors!
  2834 | D:7      | Reached skill level 6 in Fighting
  2834 | D:7      | Reached skill level 5 in Armour
  2834 | D:7      | XOM: enchant monster (good)
  2839 | D:7      | XOM: confusion (+ monsters)
  2978 | D:7      | Found a white marble altar of Elyvilon.
  3025 | D:7      | XOM: god gift: 39 gold pieces
  3061 | D:7      | Found a staircase to the Ecumenical Temple.
  3111 | D:6      | XOM: harmless Conj miscast
  3302 | D:5      | Entered Level 5 of the Dungeon
  3306 | D:5      | XOM: medium Summ miscast
  3307 | D:5      | Noticed a small abomination
  3414 | D:5      | XOM: 1-stop teleportation journey
  3518 | D:5      | Reached XP level 8. HP: 66/66 MP: 8/8
  3530 | D:5      | Found a glowing drain.
  3572 | Sewer    | Entered a sewer
  3728 | Sewer    | XOM: give mutations
  3728 | Sewer    | Gained mutation: You are resistant to hostile enchantments.
                  | (MR+) [Xom's mischief]
  3728 | Sewer    | Gained mutation: You have sharp fingernails. [Xom's
                  | mischief]
  3728 | Sewer    | Lost mutation: Your flesh is heat resistant. (rF+) [Xom's
                  | mischief]
  4112 | D:4      | XOM: give mutation
  4232 | D:4      | Reached skill level 1 in Shields
  4481 | D:4      | Found a shimmering blue altar of Sif Muna.
  4589 | D:5      | XOM: fog
  4616 | D:5      | Reached skill level 7 in Fighting
  4616 | D:5      | Reached skill level 5 in Short Blades
  4696 | D:5      | Got a twisted large shield
  4764 | D:5      | Found an opulent altar of Gozag.
  4856 | D:5      | Identified the cursed +0 large shield of the Dwarven Hall
                  | {rElec rF+ Regen+ Str+4} (You found it on level 5 of the
                  | Dungeon)
  5099 | D:5      | XOM: cleaving
  5144 | D:5      | Noticed Blork the orc
  5156 | D:5      | Killed Blork the orc
  5252 | D:5      | XOM: stat loss: -1 Str (14/15)
  5575 | D:6      | Found a bloodstained altar of Trog.
  5590 | D:6      | Reached XP level 9. HP: 67/74 MP: 6/9
  5645 | D:6      | XOM: mild Erth miscast
  5686 | D:6      | XOM: god gift: glowing leather armour {god gift}
  5992 | D:7      | XOM: divination: detect creatures
  6313 | D:7      | XOM: harmless Erth miscast
  6328 | D:7      | XOM: medium Air miscast
  6844 | D:7      | XOM: scenery: create altars
  6868 | D:8      | XOM: 4-stop teleportation journey
  6918 | D:8      | Reached skill level 5 in Shields
  6990 | D:8      | XOM: summons 1 hostile shadow creature
  7056 | D:8      | Noticed Joseph
  7063 | D:8      | XOM: noise
  7076 | D:8      | XOM: smoke on damage
  7077 | D:8      | Killed Joseph
  7077 | D:8      | Reached skill level 8 in Fighting
  7077 | D:8      | Reached skill level 1 in Evocations
  7184 | D:8      | Found Byij's Distillery.
  7187 | D:8      | Bought a potion of curing for 36 gold pieces
  7187 | D:8      | Bought a potion of degeneration for 12 gold pieces
  7303 | D:8      | Found an iron altar of Okawaru.
  7304 | D:8      | Found a snail-covered altar of Cheibriados.
  7359 | D:8      | Found a staircase to the Lair.
  7382 | D:8      | XOM: potion effect (invisibility)
  7384 | D:8      | XOM: scenery: create altars
  7461 | D:8      | XOM: enchant monster (good)
  7479 | D:8      | Gained mutation: You have hoof-like feet. [demonic
                  | ancestry]
  7479 | D:8      | Reached XP level 10. HP: 44/84 MP: 6/12
  7615 | D:8      | XOM: medium Chrm miscast
  7733 | D:4      | XOM: harmless Tloc miscast
  8219 | D:9      | XOM: confuse monster(s)
  8225 | D:9      | Reached skill level 1 in Slings
  8367 | D:9      | XOM: potion effect (might)
  8390 | D:9      | Noticed a two-headed ogre
  8415 | D:9      | Killed a two-headed ogre
  8425 | D:9      | XOM: summons 10 friendly demons
  8539 | D:9      | XOM: summons friendly white imp
  8558 | D:9      | XOM: polymorph white imp -> iron imp
  8611 | D:9      | Noticed a two-headed ogre
  8623 | D:9      | Killed a two-headed ogre
  8623 | D:9      | Reached skill level 9 in Fighting
  8623 | D:9      | Reached skill level 5 in Slings
  8665 | D:9      | XOM: mild Hex miscast
  8694 | D:9      | XOM: god gift: 19 gold pieces
  8768 | D:10     | Entered Level 10 of the Dungeon
  9051 | D:10     | XOM: mild Air miscast
  9123 | D:10     | XOM: harmless Necr miscast
  9146 | D:10     | XOM is BORED!
  9146 | D:10     | XOM: enchant monster (bad)
  9407 | D:10     | XOM: god gift: scroll of teleportation
  9443 | D:10     | Cast into level 3 of the Abyss (Xom)
  9449 | Abyss:3  | Noticed a mana viper
  9469 | Abyss:3  | Killed a mana viper
  9469 | Abyss:3  | Gained mutation: You may emit foul miasma when damaged in
                  | melee. [demonic ancestry]
  9469 | Abyss:3  | Reached XP level 11. HP: 56/91 MP: 0/13
  9518 | Abyss:3  | Noticed a large abomination
  9520 | Abyss:3  | XOM: mild Air miscast
  9553 | Abyss:3  | XOM: scenery: create altars
  9619 | Abyss:3  | Noticed a glowing orange brain
  9621 | Abyss:3  | Found a shimmering altar of Xom.
  9631 | Abyss:3  | XOM: cast spell 'Discord'
  9633 | Abyss:3  | Noticed a thrashing horror
  9638 | Abyss:3  | XOM: divine lightning
  9639 | Abyss:3  | Noticed a merfolk impaler
  9639 | Abyss:3  | Noticed a sixfirhy
  9639 | Abyss:3  | Noticed a blizzard demon
  9649 | Abyss:3  | XOM: scenery: create altars
  9650 | Abyss:3  | Noticed a wretched star
  9651 | Abyss:3  | HP: 3/91 [sixfirhy (10)]
  9657 | Abyss:3  | Slain by a sixfirhy

Levels and vault maps discovered:
D:1:      lightli_arrival_lavapool, layout_loops_cross
D:2:      layout_loops_ring, nicolae_overflow_hidden_temple,
          chequers_ecumenical_altar_twisty, uniq_robin
D:3:      minmay_skewed_foursquare, layout_rooms, minmay_misc_feat_pillars,
          columned_hall_lemuel, kennysheep_generic_room_9, uniq_terence,
          uniq_natasha
D:4:      layout_cave_pools, lemuel_blue_sif_altar,
          nicolae_overflow_crystal_walls, ebering_ghost_gozag,
          patterned_corridor
D:5:      layout_basic, old_standard_altar, portal_sewer_entry_e, first_ration,
          uniq_blork_the_orc
D:6:      layout_gridville, trog_ov_bears_minmay
D:7:      layout_layer_cave, lemuel_doored_altar, minmay_temple_entry_trees,
          grunt_decor_fettered
D:8:      layout_loops_corners, gammafunk_temple_overflow_pools,
          erik_lair_orcish_takeover, serial_shops, kennysheep_mini,
          grunt_pizzeria, worms_lemuel, uniq_joseph
D:9:      layout_rooms
D:10:     layout_grid_maze
Abyss:3:  base: D:8, hangedman_eye_storm, evilmike_abyss_rune_elephants_shrine,
          dshaligram_kb_abyss_rune_zappy_water_cross

Skill      XL: |  1  2  3  4  5  6  7  8  9 10 |
---------------+-------------------------------+-----
Dodging        | 1 |  1.0
Armour         | 2 3 4 5 6 7 8 |  8.0
Fighting       | 4 5 6 7 8 9 |  9.0
Short Blades   | 3 4 5 |  5.0
Shields        | 4 6 8 |  8.4
Evocations     | 2 3 |  3.0
Slings         | 7 |  7.0

Action                   |  1- 3 |  4- 6 |  7- 9 | 10-12 || total
-------------------------+-------+-------+-------+-------++-------
Melee: Short sword       |    52 |    80 |       |       ||   132
       Kick              |       |    39 |   162 |    71 ||   272
       Dagger            |       |    90 |   583 |   164 ||   837
       Headbutt          |       |    17 |   101 |    37 ||   155
 Fire: Hunting sling     |       |       |       |    86 ||    86
Throw: Boomerang         |     3 |       |     3 |    12 ||    18
  Use: Scroll            |       |       |    13 |     6 ||    19
       Potion            |       |       |     2 |     3 ||     5
 Stab: Invisible         |       |       |     4 |     1 ||     5
       Distracted        |       |       |       |     1 ||     1
       Confused          |       |       |       |     1 ||     1
  Eat: Chunk             |       |     4 |    17 |     7 ||    28
Armor: Leather armour    |    11 |    59 |       |     2 ||    72
       Scale mail        |       |    13 |   163 |    33 ||   209
       Plate armour      |       |       |       |    30 ||    30
Dodge: Dodged            |    23 |    73 |   147 |    58 ||   301
Block: Buckler           |       |       |   110 |    60 ||   170
